 Seeded DCSS version 0.28-a0-957-g42eb19b844 (webtiles) character file.

Game seed: 20211188 (custom seed)

69 a11behringer the Covered (level 4, -2/40 HPs)
             Began as a Minotaur Fighter on Nov 30, 2021.
             Slain by an orc wizard (5 damage)
             ... on level 2 of the Dungeon.
             The game lasted 00:03:59 (1018 turns).

a11behringer the Covered (Minotaur Fighter)         Turns: 1018, Time: 00:04:00

Health: -2/40      AC: 13    Str: 23    XL:     4   Next: 2%
Magic:  3/3        EV:  6    Int:  5    God:
Gold:   41         SH:  0    Dex:  9    Spells: 3/3 levels left

rFire   . . .      SeeInvis .   a - +0 war axe
rCold   . . .      Faith    .   c - +0 buckler
rNeg    . . .      Spirit   .   h - +0 plate armour
rPois   .          Reflect  .   i - +2 hat
rElec   .          Harm     .   (no cloak)
rCorr   .          Rampage  .   (no gloves)
Will    .....                   (no boots)
Stlth   ..........              (no amulet)
HPRegen 0.13/turn               (no ring)
MPRegen 0.08/turn               (no ring)

@: confused, lethally poisoned (-2 -> -10)
A: horns 2, retaliatory headbutt
a: no special abilities


You were on level 2 of the Dungeon.
You visited 1 branch of the dungeon, and saw 2 of its levels.

You collected 41 gold pieces.

Inventory:

Hand Weapons
 a - a +0 war axe (weapon)
Missiles
 e - 15 poisoned darts (quivered)
 k - 25 arrows
 o - 32 bolts
Armour
 b - a +0 scale mail
 c - a +0 buckler (worn)
 h - a +0 plate armour (worn)
 i - a +2 hat (worn)
Wands
 l - a wand of paralysis (7)
Scrolls
 f - a scroll of teleportation
 g - a scroll of amnesia {unknown}
 m - a scroll of identify {unknown}
 n - a scroll of fog {unknown}
Potions
 d - a potion of might
 j - 2 potions of curing {unknown}


   Skills:
 + Level 4.1 Fighting
 * Level 3.9 Axes
 + Level 4.1 Armour
 + Level 0.1 Dodging
 + Level 4.1 Shields


You had 3 spell levels left.
You didn't know any spells.
Your spell library contained the following spells:

 Spells                   Type           Power      Damage    Failure   Level
 Sandblast                Erth           0%         2d4       100%        1
 Passwall                 Tmut/Erth      0%         N/A       100%        2
 Stone Arrow              Conj/Erth      0%         3d7       100%        3


Dungeon Overview and Level Annotations

Branches:
Dungeon (2/15)

Altars:
Wu Jian

Shops:
D:2 =


Innate Abilities, Weirdness & Mutations

You have a pair of horns on your head.
You reflexively headbutt those who attack you in melee.


Message History

You closely miss something. You headbutt something!
You feel very sick.
You hear some strange, mumbled words.
You are confused.
You completely miss something.
You feel sick. Something hits you but does no damage.
You are more poisoned.
You bump into the rock wall.
You feel very sick. Something hits you.
You are more poisoned.
You closely miss something.
You feel very sick.
You hear some strange, mumbled words.
Something tries to affect you, but you resist.
You hear some strange, mumbled words.
Something tries to affect you, but you resist.
You bump into the rock wall.
You feel very sick.
You hear some strange, mumbled words.
A puff of flame appears from out of thin air!
The puff of flame hits you!
You bump into the rock wall.
You feel less confused.
* * * LOW HITPOINT WARNING * * *
You feel very sick.
You hear some strange, mumbled words.
You are confused.
You bump into the rock wall.
You feel sick. Something hits you but does no damage.
You are lethally poisoned!
You bump into the rock wall.
* * * LOW HITPOINT WARNING * * *
You feel very sick. Something hits you.
* * * LOW HITPOINT WARNING * * *
You're too confused to move!
* * * LOW HITPOINT WARNING * * *
You feel sick. Something hits you.
You die...

###......o#
####...........#
...... ........#
###.# #.......###
....# #........o#
....# #.......#r#
._..# #.......#l#
....# #########{#
....########## #@#
###..#.......# #.#
####.........# #.#
..####.......###.#
∩................#
..####.......#####
..# ##.#######
..###..# ......##


You could see an orc, a frilled lizard and a rat.

Vanquished Creatures
  Natasha (D:2)
  A dart slug (D:1)
  An orc (D:2)
  3 bats (D:1)
  5 endoplasms
  2 giant cockroaches (D:1)
  4 hobgoblins
  6 jackals (D:1)
  2 quokkas
  3 ball pythons (D:1)
  5 frilled lizards (D:1)
  2 goblins
  A rat (D:2)
36 creatures vanquished.

Notes
Turn   | Place    | Note
-------+----------+-------------------------------------------
     0 | D:1      | a11behringer the Minotaur Fighter began the quest for the
                  | Orb.
     0 | D:1      | Reached XP level 1. HP: 19/19 MP: 0/0
   238 | D:1      | Reached XP level 2. HP: 20/27 MP: 1/1
   619 | D:1      | Reached XP level 3. HP: 33/33 MP: 2/2
   620 | D:1      | Noticed a golden eye
   622 | D:1      | Found a faded altar of an unknown god.
   623 | D:1      | Noticed a great orb of eyes
   623 | D:1      | Noticed an eye of devastation
   623 | D:1      | Noticed a floating eye
   855 | D:2      | Found an ornate altar of the Wu Jian Council.
   866 | D:2      | Noticed Natasha
   876 | D:2      | Killed Natasha
   926 | D:2      | Found Cikuthroe's Jewellery Shop.
  1008 | D:2      | Reached XP level 4. HP: 40/40 MP: 3/3
  1018 | D:2      | Slain by an orc wizard

Illustrated notes

Levels and vault maps discovered:
D:1:      wander_arrival_lonely_grave, layout_rooms,
          hellmonk_ecumenical_altar_watching_god, minmay_tetromino_i2
D:2:      layout_rooms, basic_altar, serial_shops, shop,
          minmay_misc_feat_four_crosses, minivault_25, eino_tiny_chamber,
          uniq_natasha

Skill      XL: |  1  2 |
---------------+-------+-----
Shields        | 4 |  4.1
Axes           | 3 |  3.9
Armour         | 4 |  4.1
Fighting       | 4 |  4.1
Dodging        | |  0.1

Action                   |  1- 3 |  4- 6 || total
-------------------------+-------+-------++-------
Melee: War axe           |    77 |     4 ||    81
       Headbutt          |    12 |     1 ||    13
  Use: Scroll            |     1 |       ||     1
Armor: Scale mail        |    10 |       ||    10
       Plate armour      |    52 |     3 ||    55
Dodge: Dodged            |    29 |       ||    29
Block: Buckler           |    23 |       ||    23

Table legend: (Time is in decaauts)
 A = Elapsed time spent in this place.
 B = Non-inter-level travel time spent in this place.
 C = Inter-level travel time spent in this place.
 D = Time resting spent in this place.
 E = Time spent auto-exploring this place.
 F = Levels seen in this place.
 G = Mean time per level.
                   A        B        C        D        E       F      G
               +--------+--------+--------+--------+--------+-----+--------+
         Total |   1047 |    901 |    146 |      0 |    631 |   2 |  523.5 |
       Dungeon |   1047 |    901 |    146 |      0 |    631 |   2 |  523.5 |
               +--------+--------+--------+--------+--------+-----+--------+

Top non-repeatable levels by time:
     D:1: 789 daAuts
     D:2: 257 daAuts
